Map: New Repugnancy LE

Players

NixHeroWl

  • Race: Protoss Protoss
  • League: Diamond
  • Spawn Location: 1:00

Stirbend - Winner!

  • Race: Zerg Zerg
  • League: Diamond
  • Spawn Location: 7:00

VOD

Have the link to the VOD?

Description

This game was like camping to play, it was intents.

Time

  • Played on: Feb. 17, 2019, 9:22 p.m.
  • Length: 24:18
Show
View Real Time Build Order
Export as new Build Order

NixHeroWl Protoss 

Build Orders: Nexus First, Archon Immortal 

Get SALT Encoding   

  12  0:05  Probe  
  13  0:25  Probe  
  13  0:27  Pylon  
  14  0:38  Probe  
  15  0:50  Probe  
  16  1:01  Nexus  
  16  1:09  Gateway  
  16  1:13  Probe  
  17  1:25  Probe  
  18  1:30  Pylon  
  18  1:37  Probe  
  19  1:40  Assimilator  
  19  1:50  Gateway  
  19  2:04  Zealot, Cybernetics Core  
  19  2:10  Gateway  
  19  2:15  Probe  
  21  2:16  Probe  
  23  2:23  Probe  
  23  2:24  Probe  
  25  2:31  Probe  
  25  2:32  Probe, Assimilator  
  27  2:41  Adept  
  27  2:44  Probe  
  29  2:50  Probe  
  31  2:52  Probe  
  32  3:00  Probe  
  32  3:02  Probe  
  34  3:09  Stalker  
  36  3:14  Probe  
  36  3:17  Robotics Facility, Probe  
  38  3:20  Adept  
  38  3:26  Probe  
  41  3:29  Probe  
  41  3:33  Pylon  
  41  3:34  Assimilator  
  42  3:38  Probe  
  44  3:41  Probe  
  44  3:51  Warp Gate, Probe  
  45  3:56  Probe  
  45  4:00  Immortal  
  46  4:03  Probe  
  51  4:12  Nexus  
  51  4:13  Probe  
  51  4:15  Probe  
  53  4:20  Pylon  
  53  4:25  Probe  
  50  4:46  Probe x2  
  50  4:47  Immortal  
  50  4:51  Stalker x2  
  60  4:54  Assimilator  
  60  4:58  Probe  
  61  5:01  Probe  
  61  5:05  Shield Battery, Pylon  
  61  5:06  Pylon  
  62  5:12  Gateway  
  62  5:14  Gateway  
  62  5:23  Probe  
  62  5:25  Immortal  
  62  5:26  Probe x2  
  65  5:32  Shield Battery  
  69  5:35  Probe  
  69  5:38  Probe  
  69  5:39  Adept  
  69  5:41  Sentry x2  
  77  5:46  Probe  
  77  5:48  Probe  
  79  5:50  Probe  
  79  5:52  Twilight Council  
  79  5:54  Probe  
  80  6:00  Pylon, Probe  
  80  6:02  Probe  
  80  6:03  Probe  
  82  6:14  Stalker x5  
  83  6:39  Sentry x3  
  89  6:40  Sentry  
  89  6:41  Immortal  
  89  6:45  Probe  
  96  6:47  Dark Shrine, Stalker  
  96  6:52  Probe  
  99  6:57  Probe x2  
  99  7:00  Probe  
  99  7:05  Probe  
  101  7:28  Gateway  
  101  7:29  Pylon  
  101  7:32  Pylon  
  101  7:37  Warp Prism  
  101  7:46  Assimilator  
  101  7:47  Probe x3  
  104  7:54  Gateway  
  104  7:55  Shield Battery  
  104  7:59  Probe x3  
  104  8:02  Dark Templar  
  109  8:07  Gateway x2  
  109  8:10  Gateway  
  109  8:11  Gateway, Probe x3  
  112  8:14  Gateway  
  112  8:15  Pylon x2  
  112  8:17  Dark Templar x2  
  116  8:24  Probe  
  115  8:39  Adept x3  
  115  8:40  Zealot  
  121  8:47  Probe  
  121  8:48  Adept  
  113  8:51  Probe x2  
  114  8:55  Probe  
  107  9:03  Probe x2  
  107  9:05  Probe  
  107  9:07  Dark Templar x3  
  107  9:08  Dark Templar x3  
  107  9:09  Zealot x5  
  126  9:15  Probe x2  
  122  9:25  Archon x3  
  122  9:26  Archon  
  122  9:27  Dark Templar  
  124  9:31  Archon  
  124  9:38  Assimilator  
  116  10:03  Stalker x3  
  116  10:04  Sentry x5  
  116  10:06  Probe  
  133  10:22  Nexus  
  133  10:25  Pylon  
  133  10:27  Pylon  
  133  10:28  Pylon  
  133  10:30  Pylon  
  133  10:43  Probe  
  133  10:49  Zealot x3  
  140  10:50  Zealot x3  
  140  10:55  Stalker x5  
  148  11:15  Adept  
  148  11:16  Adept x6  
  160  11:21  Adept  
  160  11:22  Adept  
  164  11:30  Pylon x2  
  148  11:40  Adept  
  148  11:41  Adept x6  
  148  11:42  Adept x3  
  148  11:43  Adept  
  162  11:47  Probe  
  162  11:50  Probe x3  
  160  11:55  Forge  
  160  11:59  Probe, Forge  
  141  12:02  Probe  
  114  12:25  Dark Templar x3  
  114  12:26  Dark Templar x7  
  114  12:27  Dark Templar x2  
  114  12:29  Archon  
  136  12:30  Archon x4  
  136  12:31  Archon  
  136  12:36  Probe x2  
  138  12:37  Photon Cannon, Probe  
  138  12:38  Probe, Protoss Ground Armor Level 1  
  138  12:39  Protoss Ground Weapons Level 1  
  138  12:40  Photon Cannon  
  138  12:41  Photon Cannon  
  140  12:48  Probe  
  140  12:50  Probe x2  
  143  12:57  Photon Cannon  
  143  12:58  Dark Templar  
  143  12:59  Photon Cannon  
  143  13:03  Dark Templar x2  
  149  13:09  Sentry x3  
  145  13:38  Observer  
  138  13:54  Zealot  
  138  13:55  Zealot x2  
  144  13:59  Immortal  
  144  14:00  Probe x2  
  150  14:02  Assimilator  
  150  14:03  Probe  
  150  14:04  Assimilator  
  150  14:07  Charge  
  150  14:08  Zealot x6  
  150  14:09  Zealot x3  
  167  14:23  Adept x2  
  167  14:24  Adept  
  167  14:35  Probe  
  167  14:36  Probe  
  147  14:51  Zealot x5  
  147  14:52  Zealot x7  
  165  15:12  Dark Templar x2  
  165  15:13  Dark Templar x2  
  173  15:16  Archon  
  173  15:17  Archon  
  173  15:18  Probe x2  
  175  15:26  Protoss Ground Armor Level 2, Protoss Ground Weapons Level 2  
  148  15:42  Nexus  
  148  15:45  Photon Cannon  
  148  15:48  Photon Cannon, Stalker x2  
  148  15:49  Stalker x2  
  156  15:50  Photon Cannon  
  156  15:53  Photon Cannon  
  128  16:18  Zealot x7  
  122  16:19  Zealot x5  
  116  16:43  Dark Templar x6  
  116  16:44  Dark Templar x4  
  134  16:48  Archon x4  
  134  16:49  Archon  
  134  16:50  Dark Templar  
  134  16:52  Sentry  
  138  16:55  Probe  
  128  17:44  Zealot x5  
  128  17:45  Nexus, Zealot  
  130  18:00  Stalker  
  130  18:01  Stalker  
  102  18:20  Sentry x4  
  102  18:21  Zealot x2  
  102  18:22  Zealot x4  
  122  18:32  Warp Prism  
  114  18:41  Dark Templar x2  
  74  19:36  Zealot x5  
  74  19:37  Zealot x5  
  84  20:05  Dark Templar x3  
  84  20:06  Dark Templar x6  
  96  20:09  Archon x2  
  96  20:10  Archon x2  
  78  20:48  Zealot x5  
  78  20:49  Zealot  
  90  21:10  Nexus  
  86  21:12  Pylon  
  76  21:34  Zealot x2  
  76  21:35  Zealot x4  
  82  21:59  Dark Templar x4  
  82  22:00  Dark Templar x2  
  80  22:03  Archon x2  
  80  22:04  Archon  
  72  22:27  Warp Prism  
  70  22:36  Zealot, Dark Templar x2  
  72  22:37  Dark Templar x2  
  29  23:35  Dark Templar x2  
  33  23:54  Dark Templar  
  33  23:56  Zealot x3  
Show
View Real Time Build Order
Export as new Build Order

Stirbend Zerg - Winner!

Build Orders: Hatch First, Swarm Host 

Get SALT Encoding   

  12  0:00  Drone  
  13  0:12  Overlord  
  13  0:19  Drone  
  14  0:31  Drone x2  
  14  0:35  Drone  
  17  0:57  Hatchery  
  17  1:00  Drone  
  17  1:03  Extractor  
  16  1:16  Spawning Pool  
  16  1:17  Drone  
  16  1:22  Drone  
  17  1:29  Drone  
  18  1:35  Drone  
  19  1:55  Drone x2  
  21  2:01  Overlord  
  21  2:09  Queen  
  21  2:12  Overlord  
  21  2:14  Queen  
  25  2:26  Drone x2  
  25  2:29  Zergling x2  
  28  2:41  Drone, Metabolic Boost  
  29  2:46  Drone x3  
  32  3:05  Overlord, Roach Warren  
  32  3:06  Drone x3  
  34  3:18  Hatchery  
  33  3:26  Drone x2  
  33  3:27  Drone  
  36  3:31  Drone x4  
  40  3:37  Queen  
  42  3:52  Overlord x2  
  42  3:55  Drone x5  
  46  4:02  Zergling x2  
  47  4:07  Extractor, Drone x2  
  48  4:19  Queen  
  48  4:22  Zergling x2  
  48  4:23  Zergling x2  
  51  4:30  Zergling x2  
  51  4:31  Zergling x4  
  51  4:44  Drone x3  
  51  4:51  Lair  
  51  5:00  Roach x5  
  51  5:01  Roach x3  
  67  5:07  Drone  
  67  5:08  Evolution Chamber, Drone x5  
  72  5:25  Hatchery  
  72  5:26  Zergling x6  
  73  5:37  Overlord  
  73  5:38  Overlord x3  
  73  5:41  Overlord x2  
  73  5:48  Extractor  
  72  5:51  Drone  
  72  5:52  Drone, Extractor  
  72  5:55  Glial Reconstitution  
  73  5:58  Zerg Missile Weapons Level 1  
  73  6:15  Roach  
  73  6:16  Roach x5  
  84  6:40  Drone x3  
  84  6:41  Drone, Infestation Pit  
  84  6:42  Drone x8  
  92  6:54  Hatchery  
  82  7:05  Roach  
  82  7:06  Roach x7  
  97  7:12  Drone  
  97  7:13  Drone x5  
  99  7:27  Roach x6  
  105  7:41  Roach x4  
  105  7:42  Roach x2  
  105  7:43  Zergling x2  
  105  7:44  Zergling x8  
  116  7:48  Roach x2  
  120  8:00  Spore Crawler  
  120  8:03  Spore Crawler  
  117  8:09  Swarm Host  
  117  8:10  Swarm Host  
  123  8:13  Zergling x12  
  123  8:14  Zergling x10  
  123  8:15  Overlord x2  
  134  8:28  Overlord x4  
  134  8:29  Overlord  
  97  9:06  Roach x9  
  97  9:07  Roach x6  
  112  9:30  Swarm Host x2  
  118  9:33  Hatchery  
  118  9:36  Spore Crawler  
  118  9:37  Spine Crawler  
  118  9:38  Spine Crawler  
  114  9:39  Spore Crawler  
  114  9:42  Spine Crawler  
  114  9:44  Spine Crawler  
  107  9:57  Swarm Host x2  
  111  10:21  Swarm Host x2  
  111  10:27  Hatchery, Zergling x2  
  111  10:28  Zergling x28  
  131  10:34  Pneumatized Carapace  
  131  10:35  Zergling x8  
  132  10:36  Zergling x4  
  135  10:50  Swarm Host x2  
  120  11:13  Roach  
  120  11:14  Roach x9  
  140  11:23  Swarm Host  
  143  11:28  Roach x2  
  126  11:46  Hatchery  
  84  12:04  Roach x12  
  99  12:18  Roach x3  
  99  12:19  Roach x2  
  99  12:22  Queen  
  107  12:25  Drone  
  107  12:26  Drone x5  
  115  12:30  Overseer  
  115  12:33  Zergling x6  
  118  12:37  Drone x2  
  118  12:39  Queen  
  118  12:40  Queen  
  124  12:45  Zerg Missile Weapons Level 2  
  124  12:47  Drone x2  
  126  12:54  Zergling x8  
  129  13:16  Overseer  
  128  13:40  Drone  
  128  13:41  Drone x12  
  139  13:48  Hatchery  
  140  14:00  Spore Crawler  
  140  14:02  Spore Crawler  
  137  14:06  Swarm Host x7  
  138  14:52  Extractor, Spire  
  135  14:53  Extractor  
  133  15:35  Queen  
  133  15:46  Roach x7  
  133  15:47  Roach x11  
  152  16:06  Zerg Ground Armor Level 1  
  123  16:21  Drone x9  
  123  16:22  Drone x4  
  121  16:33  Swarm Host  
  121  16:34  Swarm Host x2  
  121  16:38  Drone x3  
  130  16:44  Queen  
  130  16:45  Queen  
  134  16:59  Hatchery  
  133  17:02  Hatchery  
  132  17:21  Mutalisk  
  132  17:22  Mutalisk x4  
  134  17:25  Drone  
  134  17:26  Drone  
  144  17:31  Overlord x3  
  142  17:41  Mutalisk x2  
  142  18:12  Drone x6  
  148  18:13  Drone x4  
  148  18:14  Drone x2  
  154  18:25  Roach x4  
  154  18:26  Roach x2  
  164  18:39  Roach  
  164  18:40  Roach x2  
  174  18:48  Overlord x3  
  140  19:14  Roach x3  
  140  19:15  Roach x7  
  137  19:23  Roach x2  
  110  19:53  Overseer  
  110  20:00  Drone x12  
  110  20:01  Drone x6  
  128  20:13  Roach  
  134  20:14  Roach x3  
  134  20:15  Hatchery  
  133  20:23  Roach x4  
  133  20:24  Hatchery  
  129  20:36  Roach  
  129  20:37  Roach x3  
  125  21:14  Roach  
  125  21:15  Hatchery, Roach x8  
  137  21:37  Roach  
  137  21:38  Roach x3  
  122  22:03  Roach x3  
  122  22:04  Roach x2  
  132  22:12  Roach x2  
  130  22:32  Roach x4  
  116  22:46  Extractor  
  116  22:47  Drone  
  116  22:48  Drone x21  
  116  22:49  Extractor  
  136  23:03  Hatchery  
  124  23:15  Lair  
  124  23:16  Spore Crawler  
  124  23:18  Spore Crawler  
  122  23:23  Spore Crawler x2  
Tags
 
Add a new tag
Caveats
  • Supply blocks, unpowered buildings, or Contaminate may cause inaccurate times.
  • Supply counts are checked every 10 seconds.